 Dungeon Crawl Stone Soup version 0.28.0-43-g3370ac3207 (webtiles) character file.

Game seed: 6397625927827832277

67 Kaptain the Digger (level 4, -8/26 HPs)
             Began as a Gargoyle Earth Elementalist on Mar 15, 2022.
             Shot with a bolt by a kobold brigand (9 damage)
             ... on level 3 of the Dungeon.
             The game lasted 00:03:12 (2769 turns).

Kaptain the Digger (Gargoyle Earth Elementalist)    Turns: 2769, Time: 00:03:14

Health: -8/26      AC:  7    Str: 12    XL:     4   Next: 16%
Magic:  1/7        EV: 11    Int: 17    God:
Gold:   129        SH:  0    Dex: 10    Spells: 7/8 levels left

rFire   . . .      SeeInvis .   g - +0 short sword
rCold   . . .      Faith    .   (no shield)
rNeg    + . .      Spirit   .   b - +0 robe
rPois   ∞          Reflect  .   (no helmet)
rElec   +          Harm     .   (no cloak)
rCorr   .          Rampage  .   e - +0 pair of gloves
Will    .....                   i - +0 pair of boots
Stlth   ++........              (no amulet)
HPRegen 0.08/turn               (no ring)
MPRegen 0.10/turn               (no ring)

@: no status effects
A: sickness immunity, AC +3, negative energy resistance 1, electricity
resistance, torment resistance 1, petrification resistance
a: no special abilities


You were on level 3 of the Dungeon.
You visited 1 branch of the dungeon, and saw 3 of its levels.

You collected 129 gold pieces.

Inventory:

Hand Weapons
 d - a +0 hand axe
 g - a +0 short sword (weapon)
Missiles
 a - 4 poisoned darts
 c - 54 stones
 l - 2 atropa-tipped darts
 m - 14 sling bullets
 q - 3 boomerangs
Armour
 b - a +0 robe (worn)
 e - a +0 pair of gloves (worn)
 i - a +0 pair of boots (worn)
Scrolls
 k - a scroll of identify {unknown}
 o - a scroll of silence {unknown}
 p - a scroll of torment {unknown}
Potions
 f - a potion of heal wounds {unknown}
 h - 2 potions of haste {unknown}
 j - 3 potions of mutation {unknown}
 n - 2 potions of attraction {unknown}


   Skills:
 * Level 1.6 Fighting
 + Level 0.7 Armour
 - Level 1.5 Dodging
 - Level 2.1 Stealth
 * Level 2.5 Spellcasting
 * Level 1.6 Conjurations
 - Level 0.7 Transmutations
 * Level 4.3 Earth Magic


You had 7 spell levels left.
You knew the following spells:

 Your Spells              Type           Power      Damage    Failure   Level
a - Sandblast             Erth           32%        2d9       3%          1

Your spell library contained the following spells:

 Spells                   Type           Power      Damage    Failure   Level
 Passwall                 Tmut/Erth      8%         N/A       10%         2
 Stone Arrow              Conj/Erth      24%        3d8       16%         3
 Petrify                  Tmut/Erth      10%        N/A       54%         4
 Animate Armour           Summ/Erth      18%        N/A       58%         4
 Lehudib's Crystal Spear  Conj/Erth      6%         10d3      100%        8


Dungeon Overview and Level Annotations

Branches:
Dungeon (3/15)

Altars:


Innate Abilities, Weirdness & Mutations

You are immune to sickness and miasma.
Your stone body is resilient. (AC +3)
You are immune to poison.
You resist negative energy. (rN+)
You are resistant to electric shocks. (rElec)
You are resistant to unholy torment.
You are immune to petrification.


Message History

Confirm with . or Enter, or press ? or * to list all spells.
Aiming: Sandblast (safe; 3% risk of failure)
Press: ? - help, Shift-Dir - straight line, f/p - kobold brigand
Aim: a kobold brigand, wielding a +0 hand crossbow and quivering bolts (moderately wounded, 74% to hit)
The blast of sand hits the kobold brigand!
The kobold brigand is severely wounded.
The kobold brigand shoots a bolt.
The bolt hits you.
Casting: Sandblast (safe; 3% risk of failure)
Confirm with . or Enter, or press ? or * to list all spells.
Aiming: Sandblast (safe; 3% risk of failure)
Press: ? - help, Shift-Dir - straight line, f/p - kobold brigand
Aim: a kobold brigand, wielding a +0 hand crossbow and quivering bolts (severely wounded, 74% to hit)
The blast of sand misses the kobold brigand.
The kobold brigand shoots a bolt.
The bolt hits you.
* * * LOW HITPOINT WARNING * * *
Unknown command.
Casting: Sandblast (safe; 3% risk of failure)
Confirm with . or Enter, or press ? or * to list all spells.
Aiming: Sandblast (safe; 3% risk of failure)
Press: ? - help, Shift-Dir - straight line, f/p - kobold brigand
Aim: a kobold brigand, wielding a +0 hand crossbow and quivering bolts (severely wounded, 74% to hit)
The blast of sand misses the kobold brigand.
The kobold brigand shoots a bolt.
The bolt hits you.
* * * LOW HITPOINT WARNING * * *
Casting: Sandblast (safe; 3% risk of failure)
Confirm with . or Enter, or press ? or * to list all spells.
Aiming: Sandblast (safe; 3% risk of failure)
Press: ? - help, Shift-Dir - straight line, f/p - kobold brigand
Aim: a kobold brigand, wielding a +0 hand crossbow and quivering bolts (severely wounded, 74% to hit)
The blast of sand hits the kobold brigand but does no damage.
The kobold brigand is severely wounded.
The kobold brigand shoots a bolt.
The bolt misses you.
Casting: Sandblast (safe; 3% risk of failure)
Confirm with . or Enter, or press ? or * to list all spells.
Aiming: Sandblast (safe; 3% risk of failure)
Press: ? - help, Shift-Dir - straight line, f/p - kobold brigand
Aim: a kobold brigand, wielding a +0 hand crossbow and quivering bolts (severely wounded, 74% to hit)
The blast of sand misses the kobold brigand.
The kobold brigand shoots a bolt.
The bolt hits you!
You die...

##########.
..........
#.###.........
#........K....
..###@###
#.##.##.##
#.#.###..#
#.#.#...### ##
#.##.##.8.## #.
#.#.#...#..# . #.
#.###8))...#....
#
#.##..).........
##)##.)###..#....


You could see a kobold brigand.

Vanquished Creatures
  A gnoll (D:3)
  A worm (D:2)
  A dart slug (D:1)
  3 orcs (D:3)
  3 ball pythons
  5 endoplasms
  3 giant cockroaches
  8 goblins
  4 hobgoblins
  2 jackals (D:1)
  5 bats
  A frilled lizard (D:1)
  5 kobolds
  A rat (D:2)
43 creatures vanquished.

Notes
Turn   | Place    | Note
-------+----------+-------------------------------------------
     0 | D:1      | Kaptain the Gargoyle Earth Elementalist began the quest for
                  | the Orb.
     0 | D:1      | Reached XP level 1. HP: 10/10 MP: 3/3
   381 | D:1      | Reached XP level 2. HP: 16/16 MP: 5/5
   749 | D:1      | Reached skill level 1 in Conjurations
  1292 | D:2      | Reached skill level 1 in Fighting
  1408 | D:2      | Reached skill level 4 in Earth Magic
  1408 | D:2      | Reached XP level 3. HP: 20/20 MP: 3/6
  1456 | D:2      | Found a faded altar of an unknown god.
  2635 | D:3      | Reached XP level 4. HP: 25/25 MP: 4/7
  2759 | D:3      | Noticed a kobold brigand
  2767 | D:3      | HP: 1/26 [kobold brigand/bolt (6)]
  2769 | D:3      | Shot with a bolt by a kobold brigand

Illustrated notes

Levels and vault maps discovered:
D:1:      ncdulo_watergridlock, layout_basic
D:2:      layout_loops_ring, shapermc_ecumenical_altar_ellora,
          minmay_splitting_lines
D:3:      layout_basic, guppyfry_early_orc_mine

Skill      XL: |  1  2 |
---------------+-------+-----
Conjurations   | 1 |  1.6
Fighting       | 1 |  1.6
Earth Magic    | 4 |  4.3
Armour         | |  0.7
Dodging        | |  1.5
Stealth        | |  2.1
Spellcasting   | |  2.5
Transmutations | |  0.7

Action                   |  1- 3 |  4- 6 || total
-------------------------+-------+-------++-------
Melee: Hand axe          |    51 |       ||    51
       Unarmed           |    11 |       ||    11
       Short sword       |    19 |    10 ||    29
 Cast: Sandblast         |    27 |    11 ||    38
  Use: Scroll            |     1 |       ||     1
 Stab: Sleeping          |     4 |       ||     4
Armor: Robe              |    31 |     6 ||    37
Dodge: Dodged            |    72 |     4 ||    76
